 Dungeon Crawl Stone Soup version 0.23.2-1-ga50397a6bc (webtiles) character file.

Game seed: 10238094472712284748

50 MisterOstroum the Poker (level 3, -13/29 HPs)
             Began as a Merfolk Skald on Apr 21, 2019.
             Killed by divine providence
             ... invoked by an orc priest
              (15 damage)
             ... on level 2 of the Dungeon.
             The game lasted 00:08:53 (1295 turns).

MisterOstroum the Poker (Merfolk Skald)             Turns: 1295, Time: 00:08:53

Health: -13/29     AC:  6    Str: 11    XL:     3   Next: 79%
Magic:  6/6        EV: 12    Int: 12    God:
Gold:   89         SH:  0    Dex: 14    Spells: 5/6 levels left

rFire    . . .     SeeInvis .   a - +0 spear
rCold    + . .     Gourm    .   (no shield)
rNeg     . . .     Faith    .   b - +0 leather armour
rPois    .         Spirit   .   (no helmet)
rElec    .         Reflect  .   (no cloak)
rCorr    .         Harm     +   m - +2 pair of gloves
MR       .....                  (no boots)
Stlth    +.........             p - amulet of harm
HPRegen  0.09/turn              i - ring of protection from cold
MPRegen  0.10/turn              (no ring)

@: no status effects
A: change form in water, swift swim, stealthy swim
a: no special abilities


You were on level 2 of the Dungeon.
You were not hungry.

You visited 1 branch of the dungeon, and saw 2 of its levels.

You collected 89 gold pieces.

Inventory:

Hand Weapons
 a - a +0 spear (weapon)
Missiles
 e - 11 poisoned needles
 l - 11 stones (quivered)
Armour
 b - a +0 leather armour (worn)
 m - a +2 pair of gloves (worn)
Jewellery
 i - a ring of protection from cold (left hand)
 p - an amulet of harm (around neck)
Scrolls
 c - 2 scrolls of identify {unknown}
 f - 2 scrolls of remove curse {unknown}
 o - a scroll of enchant armour {unknown}
Potions
 g - a potion of ambrosia {unknown}
 h - a potion of curing {unknown}
 j - a potion of heal wounds {unknown}
 k - a potion of agility {unknown}
Comestibles
 d - 3 rations
 n - 4 chunks of flesh


   Skills:
 + Level 3.0 Fighting
 * Level 5.1 Polearms
 - Level 0.6 Armour
 - Level 2.6 Dodging
 - Level 2.0 Spellcasting
 - Level 3.2 Charms


You had 5 spell levels left.
You knew the following spells:

 Your Spells              Type           Power        Failure   Level  Hunger
a - Infusion              Chrm           #...         10%         1    ##.....

Your spell library contained the following spells:

 Spells                   Type           Power        Failure   Level  Hunger
 Song of Slaying          Chrm           #.......     14%         2    ###....
 Shroud of Golubria       Chrm/Tloc      #.........   28%         2    ###....
 Regeneration             Chrm/Necr      #.........   50%         3    ####...
 Spectral Weapon          Hex/Chrm       #.......     50%         3    ####...


Dungeon Overview and Level Annotations

Branches:
Dungeon (2/15)

Altars:


Message History

An orc comes into view. It is wielding a +0 club.
The orc shouts!
You hear a shout!
An orc priest comes into view. It is wielding a +0 mace.
The orc priest shouts!
You see here a kobold corpse.
You see here a stone.
Found 5 gold pieces.
Found a stone staircase leading down.
You see here a stone.
The orc priest invokes the aid of Beogh against you.
Beogh smites you!
Ouch! That really hurt!
* * * LOW HITPOINT WARNING * * *
The orc priest looks braver for a moment.
The orc priest casts a cantrip, but nothing happens.
There is a stone staircase leading down here.
You can't go up here!
The orc priest mumbles some strange prayers to Beogh against you.
Beogh smites you!
Ouch! That really hurt!
You die...

#..######. .# ........
... #.####.
#.########......
....$........... #.#.#
#.##.#.#.. . #.#.#
#.##.#....
....#####.#.###.##......
.......@..#.#...........
..#.#####o#$#.#..#......
.....................[
.........(............
.........(o........###
...........o..........
........#†#..###†#.###
##...................)
........(....†.....###


You could see an orc priest and 2 orcs.

Vanquished Creatures
  An adder (D:2)
  A worm (D:2)
  4 dart slugs
  A leopard gecko (D:1)
  A ball python (D:2)
  2 giant cockroaches
  5 hobgoblins
  3 jackals (D:1)
  3 bats (D:1)
  4 frilled lizards (D:1)
  2 kobolds
  2 rats (D:1)
29 creatures vanquished.

Notes
Turn   | Place    | Note
-------+----------+-------------------------------------------
     0 | D:1      | MisterOstroum the Merfolk Skald began the quest for the
                  | Orb.
     0 | D:1      | Reached XP level 1. HP: 16/16 MP: 3/3
   333 | D:1      | Reached XP level 2. HP: 23/23 MP: 5/5
   418 | D:1      | Reached skill level 4 in Polearms
   650 | D:1      | Reached XP level 3. HP: 27/28 MP: 6/6
  1152 | D:2      | Reached skill level 5 in Polearms
  1290 | D:2      | HP: 1/29 [orc priest/divine providence (16)]
  1295 | D:2      | Killed from afar by an orc priest

Skill      XL: |  1  2  3 |
---------------+----------+-----
Polearms       | 4 5 |  5.1
Fighting       | 3 |  3.0
Armour         | |  0.6
Dodging        | |  2.6
Spellcasting   | |  2.0
Charms         | |  3.2

Action                   || total
-------------------------++-------
Melee: Spear             ||   121
Throw: Stone             ||    11
 Cast: Infusion          ||     1
  Eat: Chunk             ||     1
Armor: Leather armour    ||    26
Dodge: Dodged            ||    68
